AoeStats
← bullseyes

Nomad

505891235Analyzed
4v4 RM · 21d ago on Sep 11, 2026· 45m 47s· 8 players
Game mode
Random Map
Map size
231×231
Population
200
Speed
Normal
Resources
Standard
Victory
Conquest
Starting age
Dark Age
Ending age
Imperial Age
RankedLock teamsTeams togetherTeam positionsShared explorationLock speedFull tech treeHidden civsTurbo modeCheats
Victory
Defeat
🇨🇳 Burgundians · China
1491
+15
🇨🇳 Spanish · China
1451
+17
🇹🇼 Persians · Taiwan
1412
+19
🇨🇳 Italians · China
1406
+19
1694
-26
🇧🇪 Vikings · Belgium
1553
-21
🇮🇹 Georgians · Italy
1405
-15
🇺🇸 Mongols · United States
1240
-8
Ren
5:18 Loom
15:31 Feudal Age
19:06 Castle Age
17:17 Double-Bit Axe
18:40 Wheelbarrow
20:07 Bow Saw
20:04 Fletching
26:13 Horse Collar
27:27 Medium Warships
28:34 Heavy Plow
32:27 Husbandry
34:22 Bloodlines
35:32 Hand Cart
35:26 Heavy Plow
37:47 Town Watch
41:27 Imperial Age
39:26 Forging
39:22 Scale Barding Armor
41:15 Chain Barding Armor
40:57 Scale Mail Armor
42:07 Iron Casting
41:28 Bodkin Arrow
42:40 Conscription
43:18 Plate Barding Armor
42:57 Cavalier
45:01 Blast Furnace
45:23 Two-Man Saw
44:45 Ballistics
45:47 Chemistry
44:56 Gold Mining
46:16 Bracer
向阳花
3:13 Loom
9:27 Double-Bit Axe
11:17 Horse Collar
15:53 Feudal Age
15:02 Gold Mining
19:37 Castle Age
18:25 Scale Barding Armor
19:49 Cavalier
20:53 Chain Barding Armor
23:24 Wheelbarrow
25:40 Husbandry
30:10 Hand Cart
34:50 Imperial Age
32:28 Heavy Plow
32:40 Bow Saw
33:35 Forging
34:50 Gold Shaft Mining
34:56 Paladin
36:12 Plate Barding Armor
36:12 Iron Casting
39:49 Conscription
ggsadpom,sdf
4:31 Loom
13:12 Feudal Age
17:16 Castle Age
15:09 Fishing Lines
17:05 Scale Barding Armor
17:42 Double-Bit Axe
23:00 Horse Collar
24:17 Forging
24:53 Bloodlines
27:40 Wheelbarrow
32:02 Town Watch
36:40 Imperial Age
36:36 Chain Barding Armor
36:17 Husbandry
37:26 Cavalier
41:34 Plate Barding Armor
41:35 Iron Casting
41:21 Conscription
41:51 Bow Saw
42:59 Savar
46:43 Blast Furnace
46:31 Medium Warships
安心
4:32 Loom
13:42 Feudal Age
17:34 Castle Age
18:06 Double-Bit Axe
24:05 Fletching
26:27 Gold Mining
29:31 Wheelbarrow
31:21 Bodkin Arrow
32:10 Ballistics
33:05 Bow Saw
34:53 Horse Collar
36:31 Thumb Ring
36:30 Padded Archer Armor
39:33 Imperial Age
37:52 Leather Archer Armor
38:19 Heavy Plow
38:49 Scale Barding Armor
38:54 Forging
40:22 Masonry
39:52 Treadmill Crane
40:41 Hand Cart
41:31 Chemistry
40:34 Bracer
41:04 Ring Archer Armor
40:38 Town Watch
41:54 Two-Man Saw
40:33 Elite Genoese Crossbowman
42:44 Town Patrol
43:01 Masonry
42:32 Treadmill Crane
42:44 Stone Mining
43:57 Chain Barding Armor
44:13 Iron Casting
44:43 Conscription
45:27 Hoardings
46:03 Architecture
sakuzi
7:23 Loom
16:42 Feudal Age
17:30 Feudal Age
17:36 Feudal Age
20:09 Fletching
22:52 Castle Age
28:00 Bodkin Arrow
33:52 Double-Bit Axe
40:42 Ballistics
jiri.hradec.jr
4:53 Loom
13:29 Feudal Age
15:04 Double-Bit Axe
16:51 Wheelbarrow
21:55 Castle Age
20:53 Fishing Lines
24:55 Scale Barding Armor
26:49 Chain Barding Armor
27:39 Bloodlines
27:25 Gillnets
27:58 Town Watch
28:31 Hand Cart
29:18 Medium Warships
29:29 Horse Collar
41:46 Imperial Age
43:06 Plate Barding Armor
45:02 Forging
44:15 Elite Monaspa
bullseyes
4:53 Loom
14:47 Feudal Age
15:25 Town Watch
18:58 Castle Age
31:20 Horse Collar
34:00 Heavy Plow
34:00 Double-Bit Axe
34:26 Stone Mining
35:38 Gold Mining
36:45 Scale Mail Armor
38:12 Chain Mail Armor
38:26 Bow Saw
42:49 Imperial Age
41:29 Chain Mail Armor
41:24 Forging
42:37 Squires
43:10 Chieftains
Ginger lee fondle your meatballs
15:02 Feudal Age
16:05 Double-Bit Axe
16:35 Loom
17:08 Fishing Lines
20:35 Castle Age
18:49 Fletching
19:10 Forging
20:27 Gold Mining
21:56 Medium Warships
21:44 Bodkin Arrow
22:22 Bow Saw
28:33 Imperial Age
27:11 Wheelbarrow
26:21 Town Watch
28:25 Husbandry
29:59 Sanctity
29:03 Elite Skirmisher
34:14 Bracer
34:15 Padded Archer Armor
35:31 Thumb Ring
37:45 Chemistry
37:14 Ballistics
39:03 Block Printing
43:15 Leather Archer Armor
43:00 Scale Mail Armor
43:35 Iron Casting
42:28 Pikeman
43:08 Squires
42:53 Arson
43:40 Masonry
43:26 Halberdier
46:00 Chain Mail Armor
Connection lost

Rejoining the realm…

Still unreachable

The connection could not be restored.

Session expired

The server has moved on; the page needs a fresh start.